 Dungeon Crawl Stone Soup version 0.28-a0-401-ge240ad9e29 (webtiles) character file.

Game seed: 16168253431251888149

30 heikuro the Skirmisher (level 3, -1/29 HPs)
             Began as a Formicid Abyssal Knight on Sept 5, 2021.
             Was a Follower of Lugonu.
             Slain by an adder (3 damage)
             ... on level 2 of the Dungeon.
             The game lasted 00:01:57 (1017 turns).

heikuro the Skirmisher (Formicid Abyssal Knight)    Turns: 1017, Time: 00:01:58

Health: -1/29      AC:  3    Str: 17    XL:     3   Next: 37%
Magic:  4/4        EV: 11    Int: 11    God:    Lugonu [*.....]
Gold:   8          SH:  0    Dex: 10    Spells: 2/2 levels left

rFire   . . .      SeeInvis +   h - +0 whip (freeze)
rCold   . . .      Faith    .   (no shield)
rNeg    . . .      Spirit   .   b - +0 leather armour
rPois   .          Reflect  .   (helmet unavailable)
rElec   .          Harm     .   (no cloak)
rCorr   +          Rampage  .   (no gloves)
Will    .....                   (no boots)
Stlth   +.........              (no amulet)
HPRegen 0.09/turn               e - ring of resist corrosion
MPRegen 0.09/turn               (no ring)

@: lethally poisoned (-1 -> -8)
A: permanent stasis, dig shafts and tunnels, antennae 3, four strong arms
a: Dig, Shaft Self, Renounce Religion, Depart the Abyss


You were on level 2 of the Dungeon.
You worshipped Lugonu.
Lugonu was aware of your devotion.
You visited 1 branch of the dungeon, and saw 2 of its levels.
You visited the Abyss 1 time.

You collected 8 gold pieces.

Inventory:

Hand Weapons
 a - a +1 falchion
 d - a +4 dagger of speed
 h - a +0 whip of freezing (weapon)
Armour
 b - a +0 leather armour (worn)
Jewellery
 e - a ring of resist corrosion (left hand)
Wands
 k - a wand of flame (9)
Scrolls
 c - a scroll of amnesia {unknown}
 f - a scroll of noise {unknown}
 g - a scroll of immolation {unknown}
Potions
 i - a potion of brilliance {unknown}
 j - 2 potions of flight {unknown}


   Skills:
 + Level 3.6 Fighting
 * Level 2.7 Long Blades
 + Level 2.6 Armour
 - Level 1.0 Dodging
 + Level 2.6 Invocations


You had 2 spell levels left.
You didn't know any spells.
Your spell library contained the following spells:

 Spells                   Type           Power      Damage    Failure   Level
 Apportation              Tloc           0%         N/A       38%         1
 Alistair's Intoxication  Tmut/Pois      0%         N/A       100%        5
 Invisibility             Hex            0%         N/A       100%        6


Dungeon Overview and Level Annotations

Branches:
Dungeon (2/15)

Altars:


Innate Abilities, Weirdness & Mutations

You cannot be hasted, slowed, berserked, paralysed or teleported.
You can dig through walls and to a lower floor.
You have a pair of large antennae on your head. (SInv)
Your four strong arms can wield two-handed weapons with a shield.


Message History

You kill the giant cockroach!
Lugonu accepts your kill.
No target in view!
An adder comes into view.
The adder hisses angrily.
Your +0 whip of freezing glows with a cold blue light!
h - a +0 whip of freezing (weapon)
You closely miss the adder. The adder misses you.
The adder bites you but does no damage.
You miss the adder. The adder closely misses you.
You closely miss the adder. The adder bites you. x2
You are poisoned.
The adder poisons you!
You hit the adder but do no damage.
You feel sick. The adder closely misses you.
You closely miss the adder.
You feel sick. The adder barely misses you. The adder bites you.
You miss the adder.
You feel sick.
You are no longer poisoned.
The adder bites you.
You miss the adder. The adder bites you.
You barely miss the adder. The adder bites you but does no damage.
The adder barely misses you.
You hit the adder but do no damage. The adder bites you.
You are poisoned.
The adder poisons you!
You closely miss the adder.
You feel sick. The adder bites you. The adder barely misses you.
You barely miss the adder.
You feel sick. The adder bites you.
* * * LOW HITPOINT WARNING * * *
You are lethally poisoned!
The adder poisons you!
Unknown command.
You closely miss the adder.
* * * LOW HITPOINT WARNING * * *
You feel sick. The adder barely misses you.
You closely miss the adder.
* * * LOW HITPOINT WARNING * * *
You feel sick. The adder bites you.
You die...

.# #.# #..#.#...........##.#
...##.######...................#
.####.............#.############
.# ###############.# . #.# ##
#.# . #.# ....######.#
......S@...# ############


You could see an adder.

Vanquished Creatures
  A dart slug (D:1)
  A bat (D:1)
  2 giant cockroaches (D:2)
  5 goblins
  5 hobgoblins
  2 quokkas (D:1)
  3 ball pythons
  3 kobolds (D:1)
  A rat (D:1)
23 creatures vanquished.

Notes
Turn   | Place    | Note
-------+----------+-------------------------------------------
     0 | Abyss:1  | heikuro the Formicid Abyssal Knight began the quest for the
                  | Orb.
     0 | Abyss:1  | Reached XP level 1. HP: 18/18 MP: 2/2
    32 | Abyss:1  | Noticed an ancient zyme
    34 | D:1      | Escaped the Abyss
   102 | D:1      | Reached skill level 1 in Dodging
   108 | D:1      | Reached XP level 2. HP: 16/24 MP: 3/3
   433 | D:1      | Reached * piety under Lugonu
   577 | D:1      | Reached XP level 3. HP: 29/29 MP: 4/4
   875 | D:2      | Found a faded altar of an unknown god.
  1017 | D:2      | Slain by an adder

Illustrated notes

Levels and vault maps discovered:
D:1:      dpeg_arrival_pond, layout_loops_ring
D:2:      layout_basic, chequers_ecumenical_altar_simple_redux,
          uniq_crazy_yiuf_cottage

Skill      XL: |  1 |
---------------+----+-----
Dodging        | 1 |  1.0
Fighting       | |  3.6
Long Blades    | |  2.7
Armour         | |  2.6
Invocations    | |  2.6

Action                   || total
-------------------------++-------
Melee: Dagger            ||    50
       Falchion          ||     2
       Whip              ||    13
Invok: Depart the Abyss  ||     1
Armor: Leather armour    ||    11
Dodge: Dodged            ||    29

Table legend: (Time is in decaauts)
 A = Elapsed time spent in this place.
 B = Non-inter-level travel time spent in this place.
 C = Inter-level travel time spent in this place.
 D = Time resting spent in this place.
 E = Time spent auto-exploring this place.
 F = Levels seen in this place.
 G = Mean time per level.
                   A        B        C        D        E       F      G
               +--------+--------+--------+--------+--------+-----+--------+
         Total |    997 |    971 |     26 |     96 |    590 |   3 |  332.3 |
       Dungeon |    963 |    937 |     26 |     96 |    590 |   2 |  481.5 |
         Abyss |     34 |     34 |      0 |      0 |      0 |   1 |   34.0 |
               +--------+--------+--------+--------+--------+-----+--------+

Top non-repeatable levels by time:
     D:1: 758 daAuts
     D:2: 204 daAuts
 Abyss:1: 34 daAuts
